 Dungeon Crawl Stone Soup version 0.32-a0-837-g8d3e27d251 (webtiles) character file.

Game seed: 9724862031312812565

32 Essalna the Firebug (level 3, -1/26 HPs)
             Began as a Demonspawn Fire Elementalist on Mar 26, 2024.
             Slain by a hobgoblin (5 damage)
             ... led by Robin
             ... on level 2 of the Dungeon.
             The game lasted 00:01:01 (427 turns).

Essalna the Firebug (Demonspawn Fire Elementalist)   Turns: 427, Time: 00:01:02

Health: -1/26      AC:  2    Str:  8    XL:     3   Next: 8%
Magic:  2/6        EV: 11    Int: 17    God:
Gold:   41         SH:  0    Dex: 13    Spells: 5/6 levels left

rFire   . . .        (no weapon)
rCold   . . .        (no shield)
rNeg    . . .        a - +0 robe
rPois   .            (no helmet)
rElec   .            (no cloak)
rCorr   .            (no gloves)
SInv    .            (no boots)
Will    .....        (no amulet)
Stlth   ++           (no ring)
HPRegen 0.24/turn    (no ring)
MPRegen 0.10/turn

%: no passive effects
@: no status effects
A: foul stench 2
a: no special abilities


You were on level 2 of the Dungeon.
You visited 1 branch of the dungeon, and saw 2 of its levels.

You collected 41 gold pieces.

Inventory:

Armour
 a - a +0 robe (worn)
Scrolls
 c - 3 scrolls of identify {unknown}
Potions
 b - a potion of magic


   Skills:
 + Level 1.1 Fighting
 - Level 1.7 Dodging
 - Level 1.7 Stealth
 + Level 2.3 Spellcasting
 + Level 1.7 Conjurations
 + Level 3.0 Fire Magic


You had 5 spell levels left.
You knew the following spells:

 Your Spells              Type           Power      Damage    Failure   Level
a - Foxfire               Conj/Fire      40%        2x1d6     7%          1

Your spell library contained the following spells:

 Spells                   Type           Power      Damage    Failure   Level
 Scorch                   Fire           24%        2d6       9%          2
 Inner Flame              Hex/Fire       7%         N/A       30%         3
 Volatile Blastmotes      Fire/Tloc      14%        2d11      30%         3
 Flame Wave               Conj/Fire      10%        2d6       56%         4


Dungeon Overview and Level Annotations

Branches:
Dungeon (2/15)

Altars:

Annotations:
D:2 Robin


Innate Abilities, Weirdness & Mutations

You sometimes emit foul miasma when damaged in melee.


Message History

The hobgoblin hits you.
You hit the hobgoblin but do no damage. The hobgoblin hits you.
You closely miss the hobgoblin. The hobgoblin closely misses you.
You barely miss the hobgoblin. The goblin barely misses you.
The goblin hits you but does no damage.
The hobgoblin no longer looks unusually strong.
The goblin hits you but does no damage. The goblin attacks as it pursues you!
The goblin hits you with a +0 dagger.
You hit the goblin but do no damage.
The goblin no longer looks unusually strong. x2
The goblin no longer looks unusually strong.
The goblin barely misses you.
Robin roars a battlecry!
The goblins go into a battle-frenzy!
You hear a shout!
A goblin comes into view. It is wielding a +0 dagger.
A goblin comes into view. It is wielding a +0 club.
The goblin attacks as it pursues you! The goblin hits you with a +0 dagger.
* * * LOW HITPOINT WARNING * * *
The goblin hits you but does no damage.
The ball python hisses angrily.
You hit the goblin.
The goblin is moderately wounded.
Robin throws the goblin at you! The goblin barely misses you.
The goblin closely misses you.
You closely miss the goblin.
The goblin is moderately wounded.
The goblin closely misses you. x2; The goblin hits you with a +0 dagger.
* * * LOW HITPOINT WARNING * * *
Robin roars a battlecry!
The goblins go into a battle-frenzy!
You barely miss the goblin.
The goblin is moderately wounded.
The goblin misses you.
A goblin comes into view. It is wielding a +0 club.
The goblin barely misses you. x2
You closely miss the goblin.
The goblin is moderately wounded.
The hobgoblin hits you.
You die... #.g #.#g. #...##### #. #g.Sggg#

... ##.# #@###...# .
#g. #gg...... ...
##.#####g.#...##
.....#.g##..gg.....#
...........##.#...##
......†###.##g##..#
......# #....##..#
..##.. ####..#...#
## # #..
#........#### #.#


You could see Robin, 3 hobgoblins, 6 goblins and a ball python.

Vanquished Creatures
  2 adders (D:2)
  A dart slug (D:1)
  A ribbon worm (D:2)
  A ball python (D:1)
  A giant cockroach (D:1)
  2 goblins
  A hobgoblin (D:2)
  A rat (D:1)
10 creatures vanquished.

Vanquished Creatures (others)
  40 foxfires
40 creatures vanquished.

Grand Total: 50 creatures vanquished

Notes
Turn   | Place    | Note
-------+----------+-------------------------------------------
     0 | D:1      | Essalna the Demonspawn Fire Elementalist began the quest
                  | for the Orb.
     0 | D:1      | Reached XP level 1. HP: 13/13 MP: 3/3
   261 | D:1      | You fall into a shaft and drop 1 floor!
   273 | D:2      | Gained mutation: You may rarely emit foul miasma when
                  | damaged in melee. [demonic ancestry]
   273 | D:2      | Reached XP level 2. HP: 20/20 MP: 0/5
   358 | D:2      | Reached skill level 1 in Fighting
   358 | D:2      | Reached skill level 3 in Fire Magic
   401 | D:2      | Noticed Robin
   404 | D:2      | Gained mutation: You sometimes emit foul miasma when
                  | damaged in melee. [demonic ancestry]
   404 | D:2      | Reached XP level 3. HP: 26/26 MP: 0/6
   427 | D:2      | Slain by a hobgoblin

Illustrated notes

Levels and vault maps discovered:
D:1:      amcnicky_arrival_blooded_trapdoor, layout_loops_ring,
          chequers_serial_rivers_micro_c
D:2:      layout_rooms, basic_altar, minmay_pentomino_p4, uniq_jessica,
          uniq_sigmund, uniq_robin

Skill      XL: |  1  2 |
---------------+-------+-----
Fighting       | 1 |  1.1
Fire Magic     | 3 |  3.0
Dodging        | |  1.7
Stealth        | |  1.7
Spellcasting   | |  2.3
Conjurations   | |  1.7

Action                     || total
---------------------------++-------
  Melee: Unarmed           ||    24
   Cast: Foxfire           ||    24
 Armour: Robe              ||    36
  Dodge: Dodged            ||    23

Table legend: (Time is in decaauts)
 A = Elapsed time spent in this place.
 B = Non-inter-level travel time spent in this place.
 C = Inter-level travel time spent in this place.
 D = Time resting spent in this place.
 E = Time spent auto-exploring this place.
 F = Levels seen in this place.
 G = Mean time per level.
                   A        B        C        D        E       F      G
               +--------+--------+--------+--------+--------+-----+--------+
         Total |    426 |    426 |      0 |      0 |    322 |   2 |  213.0 |
       Dungeon |    426 |    426 |      0 |      0 |    322 |   2 |  213.0 |
               +--------+--------+--------+--------+--------+-----+--------+

Top non-repeatable levels by time:
     D:1: 261 daAuts
     D:2: 165 daAuts
